 Dungeon Crawl Stone Soup version 0.26.1-10-gdfb7c7de75 (webtiles) character file.

Game seed: 17750204405631544620

9023 Revguard the Ogre Mage (level 11, -11/111 HPs)
             Began as an Ogre Ice Elementalist on Mar 31, 2021.
             Was a Priest of Sif Muna.
             Mangled by a wolf spider zombie (12 damage)
             ... on level 11 of the Dungeon.
             The game lasted 00:51:55 (15449 turns).

Revguard the Ogre Mage (Ogre Ice Elementalist)     Turns: 15449, Time: 00:51:55

Health: -11/111    AC:  9    Str: 14    XL:     11   Next: 40%
Magic:  24/33      EV: 11    Int: 19    God:    Sif Muna [***...]
Gold:   751        SH:  0    Dex:  9    Spells: 10/28 levels left

rFire    . . .     SeeInvis .   y - +5 scythe "Finisher" {speed, eviscerate}
rCold    . . .     Faith    .   (shield currently unavailable)
rNeg     . . .     Spirit   .   x - +0 troll leather armour
rPois    .         Reflect  .   (helmet restricted)
rElec    .         Harm     .   (no cloak)
rCorr    .         Rampage  .   (gloves unavailable)
Will     +....                  (boots unavailable)
Stlth    +.........             (no amulet)
HPRegen  0.68/turn              m - ring of magical power
MPRegen  0.23/turn              i - +4 ring of protection

@: lethally poisoned (-11 -> -11), marked, very slightly contaminated, slowed,
invisible, very slow
A: large, unfitting armour, tough skin 1
a: Renounce Religion, Channel Magic, Forget Spell


You were on level 11 of the Dungeon.
You worshipped Sif Muna.
Sif Muna was most pleased with you.
You visited 1 branch of the dungeon, and saw 11 of its levels.

You collected 751 gold pieces.

Inventory:

Hand Weapons
 k - a +3 giant spiked club
 y - the +5 scythe "Finisher" (weapon) {speed, eviscerate}
   (You found it on level 8 of the Dungeon)

   Attacks with this weapon are significantly faster.
Armour
 a - a +0 robe
 t - a +2 robe
 x - a +0 troll leather armour (worn)
Magical Staves
 u - an uncursed staff of fire
Jewellery
 i - a +4 ring of protection (right hand)
 m - a ring of magical power (left hand)
 E - an uncursed ring of stealth {unknown}
 G - an uncursed ring of poison resistance {unknown}
 J - an uncursed amulet of the acrobat {unknown}
Wands
 c - a wand of polymorph (14)
 l - a wand of random effects (15)
 q - a wand of acid (7)
 s - a wand of flame (23)
 A - a wand of paralysis (5)
 C - a wand of iceblast (14)
 H - a wand of digging (6)
Scrolls
 b - 4 scrolls of magic mapping
 d - 6 scrolls of teleportation
 e - a scroll of amnesia
 j - 2 scrolls of remove curse
 p - a scroll of blinking
 w - 2 scrolls of fog
 B - 3 scrolls of identify
 D - a scroll of acquirement {unknown}
 I - a scroll of noise {unknown}
Potions
 g - 2 potions of invisibility
 h - a potion of haste
 n - 9 potions of curing
 o - 2 potions of lignification
 r - 2 potions of attraction
 v - 2 potions of flight
 z - a potion of magic
 F - a potion of resistance {unknown}
Miscellaneous
 f - a box of beasts (inert)


   Skills:
 * Level 8.1 Fighting
 + Level 4.7(5.0) Maces & Flails
 + Level 2.8(3.3) Polearms
 + Level 2.3(4.5) Staves
 + Level 1.0 Armour
 + Level 4.4 Dodging
 + Level 2.2 Stealth
 * Level 9.0 Spellcasting
 * Level 4.7 Conjurations
 * Level 3.3 Hexes
 * Level 2.9 Fire Magic
 + Level 7.2 Ice Magic
 * Level 5.4 Invocations


You had 10 spell levels left.
You knew the following spells:

 Your Spells              Type           Power        Failure   Level
b - Frozen Ramparts       Ice            72%          1%          3
c - Ozocubu's Armour      Ice            36%          1%          3
d - Hailstorm             Conj/Ice       31%          9%          4
e - Apportation           Tloc           16%          10%         1
f - Ensorcelled Hibernat  Hex/Ice        56%          1%          2
h - Fireball              Conj/Fire      11%          50%         5

Your spell library contained the following spells:

 Spells                   Type           Power        Failure   Level
 Foxfire                  Conj/Fire      92%          1%          1
 Freeze                   Ice            100%         1%          1
 Corona                   Hex            23%          2%          1
 Conjure Flame            Conj/Fire      23%          6%          3
 Dazzling Flash           Conj/Hex       48%          6%          3
 Confusing Touch          Hex            21%          8%          3
 Tukima's Dance           Hex            21%          8%          3
 Inner Flame              Hex/Fire       20%          9%          3
 Animate Skeleton         Necr           16%          10%         1
 Sandblast                Erth           16%          10%         1
 Summon Small Mammal      Summ           32%          10%         1
 Sticky Flame             Conj/Fire      23%          21%         4
 Summon Ice Beast         Ice/Summ       22%          22%         4


Dungeon Overview and Level Annotations

Branches:
Dungeon (11/15)            Temple (0/1) D:7
   Lair: D:8-11         Orc: D:9-12

Altars:
Cheibriados
Hepliaklqana
Kikubaaqudgha
Makhleb
Qazlal
Ru
Sif Muna
Trog
Wu Jian
The Shining One

Shops:
D:4 =[[(=[


Innate Abilities, Weirdness & Mutations

You are too large for most types of armour.
You have tough skin. (AC +1)


Message History

The wall freezes the wolf spider zombie.
The wall freezes the centaur.
The centaur hits you.
* * * LOW HITPOINT WARNING * * *
The wolf spider zombie completely resists.
The wall freezes the wolf spider zombie but does no damage.
The wolf spider zombie barely misses you.
The wolf spider zombie bites you.
* * * LOW HITPOINT WARNING * * *
The centaur shoots an arrow.
The arrow barely misses the orc priest.
The arrow hits the centaur!
The centaur dies!
Blink to where?
Press: ? - help, Dir - move target Your frozen ramparts will break if you move.
Continue?
The frozen ramparts melt away as you move.
As you read the scroll of blinking, it crumbles to dust.
You feel sick.
The centaur shoots an arrow.
The arrow barely misses the wolf spider zombie.
The arrow hits you but does no damage. The wolf spider zombie hits you!
You die...

#.# #...##.### #
#.###.###..###...###
......###.#####..##
########.......####....
.........†.............
#############.....##### ......#
###...##....... ......#
####...#.##...###. ......#
##@...###.##.#.#### .....#
###Z(#### #.#..#..###
##...#####†..#######.#.###...#
##......#)o§#####.......# ###.#
#.......h)### #...###.### #..
#......)c######.### #.## ##.
#...............#####..#######.
##.(...........................
#..(..Kc##.....#.........######


You could see a warg, a centaur, an orc priest and a wolf spider zombie.

Vanquished Creatures
  A two-headed ogre (D:9)
  Sonja (D:11)
  Pikel (D:6)
  A cyclops (D:11)
  A centaur zombie (D:10)
  A gargoyle (D:10)
  A troll (D:9)
  5 wraiths
  A wyvern (D:10)
  A soldier ant (D:9)
  2 wargs (D:11)
  A water moccasin (D:7)
  An orc warrior (D:6)
  2 sky beasts
  An ice beast (D:9)
  4 ogres
  4 phantoms
  2 necrophages
  3 centaurs
  A big kobold (D:7)
  3 bullfrogs
  2 wyvern zombies (D:9)
  A gnoll sergeant (D:10)
  4 scorpions
  17 killer bees
  10 wights
  A howler monkey (D:9)
  2 bullfrog zombies
  4 hounds
  A bullfrog skeleton (D:5)
  A jelly (D:9)
  18 orc wizards
  4 orc priests
  An iguana (D:9)
  9 worker ants
  A hound skeleton (D:9)
  A worker ant zombie (D:11)
  A howler monkey skeleton (D:4)
  7 gnolls
  9 adders
  6 shadow imps
  4 white imps
  2 ufetubi
  5 worms
  2 adder skeletons
  An adder zombie (D:8)
  4 dart slugs
  4 leopard geckos
  39 orcs
  9 bats
  7 giant cockroaches
  14 goblins
  6 hobgoblins
  4 jackals (D:1)
  8 quokkas
  3 ball pythons
  4 frilled lizards
  14 kobolds
  A quokka zombie (D:9)
  14 rats
283 creatures vanquished.

Vanquished Creatures (others)
  A centaur (D:11)
  4 plants
5 creatures vanquished.

Grand Total: 288 creatures vanquished

Notes
Turn   | Place    | Note
-------+----------+-------------------------------------------
     0 | D:1      | Revguard the Ogre Ice Elementalist began the quest for the
                  | Orb.
     0 | D:1      | Reached XP level 1. HP: 16/16 MP: 3/3
   255 | D:1      | Reached XP level 2. HP: 20/24 MP: 0/5
   892 | D:1      | Reached XP level 3. HP: 31/31 MP: 1/7
   896 | D:1      | Learned a level 3 spell: Frozen Ramparts
   900 | D:1      | Learned a level 3 spell: Ozocubu's Armour
   962 | D:1      | Reached skill level 3 in Spellcasting
  2141 | D:2      | Reached XP level 4. HP: 37/39 MP: 9/9
  2723 | D:2      | Reached skill level 1 in Fighting
  3070 | D:2      | Found a burning altar of Makhleb.
  3080 | D:2      | Reached skill level 1 in Maces & Flails
  3080 | D:2      | Reached skill level 4 in Spellcasting
  3080 | D:2      | Reached XP level 5. HP: 47/48 MP: 9/11
  3184 | D:2      | Learned a level 4 spell: Hailstorm
  4027 | D:3      | Reached XP level 6. HP: 48/57 MP: 12/12
  4403 | D:4      | Found Seowegic's Weapon Emporium.
  4403 | D:4      | Noticed a phantom
  4512 | D:4      | Killed a phantom
  4513 | D:4      | Reached skill level 1 in Staves
  4673 | D:4      | Found Fuhil's Antique Armour Shop.
  4674 | D:4      | Noticed a phantom
  4721 | D:4      | Killed a phantom
  4722 | D:4      | Reached skill level 5 in Spellcasting
  4722 | D:4      | Reached skill level 1 in Conjurations
  4867 | D:4      | Reached skill level 5 in Ice Magic
  4867 | D:4      | Reached XP level 7. HP: 62/66 MP: 14/14
  4993 | D:4      | Found Kailaut's Jewellery Shoppe.
  5174 | D:4      | Found a stormy altar of Qazlal.
  5176 | D:4      | Noticed a fire elemental
  5177 | D:4      | Noticed an air elemental
  5177 | D:4      | Noticed a water elemental
  5224 | D:4      | Found Mecw's Jewellery Shoppe.
  5336 | D:4      | Found a shimmering blue altar of Sif Muna.
  5372 | D:4      | Became a worshipper of Sif Muna the Loreminder
  5567 | D:4      | Found Plog's Antique Armour Shoppe.
  5821 | D:4      | Found Wowosiawk's Armour Shoppe.
  5879 | D:5      | Entered Level 5 of the Dungeon
  6372 | D:5      | Reached XP level 8. HP: 49/78 MP: 16/16
  7139 | D:5      | Reached skill level 1 in Invocations
  7238 | D:5      | Found a hazy altar of Hepliaklqana.
  7264 | D:5      | Reached skill level 6 in Spellcasting
  7359 | D:5      | Found an ornate altar of the Wu Jian Council.
  7363 | D:5      | Found an ancient bone altar of Kikubaaqudgha.
  7363 | D:5      | Found a snail-covered altar of Cheibriados.
  8069 | D:6      | Found a glowing golden altar of the Shining One.
  8347 | D:6      | Noticed Pikel
  8361 | D:6      | Killed Pikel
  8362 | D:6      | Reached XP level 9. HP: 71/87 MP: 19/19
  8372 | D:6      | Reached * piety under Sif Muna
  8657 | D:6      | Reached skill level 5 in Fighting
  9166 | D:6      | Learned a level 1 spell: Apportation
  9268 | D:7      | Reached skill level 7 in Spellcasting
  9276 | D:7      | Learned a level 2 spell: Ensorcelled Hibernation
  9323 | D:7      | Found a sacrificial altar of Ru.
 10543 | D:7      | Found a staircase to the Ecumenical Temple.
 10696 | D:7      | Learned a level 3 spell: Inner Flame
 10702 | D:7      | Learned a level 5 spell: Fireball
 11762 | D:8      | Reached ** piety under Sif Muna
 11965 | D:4      | Identified Sif Muna's Collected Works on Stones
 12278 | D:8      | Reached skill level 1 in Fire Magic
 12278 | D:8      | Reached XP level 10. HP: 75/98 MP: 21/21
 12282 | D:8      | Reached skill level 1 in Hexes
 12384 | D:8      | Found the +5 scythe "Finisher" {speed, eviscerate}
 12629 | D:9      | Noticed a two-headed ogre
 12641 | D:9      | Killed a two-headed ogre
 12642 | D:9      | Reached skill level 8 in Spellcasting
 13633 | D:9      | Reached *** piety under Sif Muna
 14050 | D:9      | Reached skill level 1 in Polearms
 14135 | D:10     | Entered Level 10 of the Dungeon
 14348 | D:10     | Reached skill level 5 in Invocations
 14499 | D:10     | Noticed a gargoyle
 14504 | D:10     | Killed a gargoyle
 14505 | D:10     | Reached XP level 11. HP: 109/109 MP: 23/23
 14745 | D:10     | Found a bloodstained altar of Trog.
 15141 | D:11     | Noticed a cyclops
 15145 | D:11     | Killed a cyclops
 15370 | D:11     | Noticed Sonja
 15447 | D:11     | Killed Sonja
 15448 | D:11     | Reached skill level 1 in Armour
 15448 | D:11     | Reached skill level 9 in Spellcasting
 15448 | D:11     | HP: 1/111 [wolf spider zombie (6)]
 15449 | D:11     | Mangled by a wolf spider zombie

Illustrated notes

Levels and vault maps discovered:
D:1:      sevenhm_arrival_forest_fort_large_1, layout_loops_corners
D:2:      layout_basic, makhleb_blood_cavern_becter
D:3:      layout_rooms
D:4:      layout_loops_ring, nicolae_qazlal_style_of_elements, serial_bayou,
          serial_bayou_pond_b, serial_bayou_crossing, serial_bayou_pond_c,
          serial_bayou_ford_a, serial_bayou_pond_e, serial_bayou_lagoon_a,
          serial_shops, kennysheep_mini, shop, shop, kennysheep_little_box,
          shop, grunt_decor_one_mirror, minmay_shop_enchanted_jewellery,
          led_sif_book
D:5:      layout_layer_cave, grunt_temple_overflow_open, kennysheep_minor_cross,
          minmay_fountain_box, corexii_hall_statues_t
D:6:      layout_gridville, old_standard_altar, uniq_pikel
D:7:      layout_basic, minmay_temple_entry_mist, roderic_nine_men_s_morris,
          nicolae_ru_awakened_eye
D:8:      layout_cave_pods, minmay_guarded_unrand_finisher
D:9:      layout_rooms, eino_jars
D:10:     layout_stronghold, serial_column_ruins, column_ruins_hut_water,
          column_ruins_columns_corner, column_ruins_open_tiny,
          column_ruins_open_tiny, column_ruins_grid_1, david_defended_altar_elf
D:11:     layout_rooms, erik_lair_orcish_takeover, uniq_sonja

Skill      XL: |  1  2  3  4  5  6  7  8  9 10 11 |
---------------+----------------------------------+-----
Ice Magic      | 4 5 6 7 |  7.2
Dodging        | 2 3 4 |  4.4
Spellcasting   | 3 4 5 6 7 8 9 |  9.0
Fighting       | 1 2 3 4 6 7 8 |  8.1
Maces & Flails | 1 2 4 |  4.7
Staves         | 1 2 |  2.3
Conjurations   | 1 2 3 4 |  4.7
Invocations    | 2 4 5 |  5.4
Stealth        | 2 |  2.2
Fire Magic     | 1 2 |  2.9
Hexes          | 3 |  3.3
Polearms       | 1 2 |  2.8
Armour         | 1 |  1.0

Action                   |  1- 3 |  4- 6 |  7- 9 | 10-12 || total
-------------------------+-------+-------+-------+-------++-------
Melee: Unarmed           |    35 |       |       |       ||    35
       Mace              |    76 |    46 |       |       ||   122
       Quarterstaff      |       |    94 |    14 |       ||   108
       Giant spiked club |       |       |   266 |    40 ||   306
       Scythe            |       |       |       |   140 ||   140
 Cast: Freeze            |    24 |    31 |    14 |     2 ||    71
       Frozen Ramparts   |     5 |     9 |    33 |    21 ||    68
       Ozocubu's Armour  |       |     5 |    17 |    10 ||    32
       Hailstorm         |       |       |     2 |     2 ||     4
       Apportation       |       |       |     2 |       ||     2
       Inner Flame       |       |       |     2 |       ||     2
       Ensorcelled Hiber |       |       |     1 |     1 ||     2
Evoke: Box of beasts     |       |       |       |     1 ||     1
  Use: Scroll            |       |     6 |    14 |     5 ||    25
       Potion            |       |     4 |     2 |     4 ||    10
 Stab: Sleeping          |       |     2 |     3 |       ||     5
       Invisible         |       |       |       |     1 ||     1
Armor: Robe              |    53 |    74 |   169 |    50 ||   346
       Troll leather arm |       |       |       |    48 ||    48
Dodge: Dodged            |    97 |   119 |   251 |   133 ||   600
